 Dungeon Crawl Stone Soup version 0.27.0-1-g7a089689b8 (webtiles) character file.

Game seed: 5568872981366784621

2499 quinnr the Zephyrmancer (level 9, -12/46 (50) HPs)
             Began as a Tengu Air Elementalist on Aug 1, 2021.
             Was a Follower of Vehumet.
             Mangled by a wight (18 damage)
             ... on level 8 of the Dungeon.
             The game lasted 00:19:52 (11166 turns).

quinnr the Zephyrmancer (Tengu Air Elementalist)   Turns: 11166, Time: 00:19:53

HP:   -12/46 (50)   AC:  6    Str:  8    XL:     9   Next: 53%
MP:   6/17          EV: 14    Int: 19    God:    Vehumet [*.....]
Gold: 255           SH:  0    Dex: 15    Spells: 13/18 levels left

rFire    . . .     SeeInvis .   p - staff of earth
rCold    + . .     Faith    .   (no shield)
rNeg     . . .     Spirit   .   k - +3 leather armour
rPois    .         Reflect  .   (helmet restricted)
rElec    .         Harm     .   (no cloak)
rCorr    .         Rampage  .   (no gloves)
Will     .....                  (boots unavailable)
Stlth    ++........             (no amulet)
HPRegen  0.15/turn              j - ring of protection from cold
MPRegen  0.15/turn              (no ring)

@: about to teleport, flying quickly and evasively, drained, quick
A: beak, talons 3, nimble flight
a: Renounce Religion


You were on level 8 of the Dungeon.
You worshipped Vehumet.
Vehumet was aware of your devotion.
You visited 2 branches of the dungeon, and saw 9 of its levels.

You collected 255 gold pieces.

Inventory:

Armour
 a - a +1 robe
 k - a +3 leather armour (worn)
Magical Staves
 p - a staff of earth (weapon)
Jewellery
 j - a ring of protection from cold (left hand)
Wands
 q - a wand of iceblast (4)
Scrolls
 b - a scroll of noise
 d - a scroll of magic mapping {unknown}
 g - a scroll of enchant armour
 h - 2 scrolls of amnesia {unknown}
 i - 2 scrolls of immolation
 l - a scroll of enchant weapon {unknown}
 m - a scroll of teleportation
Potions
 c - 2 potions of curing
 e - a potion of attraction
 f - a potion of cancellation
 n - 2 potions of lignification
 o - 2 potions of heal wounds
 r - a potion of ambrosia {unknown}
 s - a potion of magic


   Skills:
 - Level 3.0 Fighting
 - Level 3.0 Armour
 - Level 2.1 Dodging
 - Level 3.0 Stealth
 - Level 5.0 Spellcasting
 - Level 2.0 Conjurations
 + Level 13.5 Air Magic


You had 13 spell levels left.
You knew the following spells:

 Your Spells              Type           Power      Damage    Failure   Level
a - Shock                 Conj/Air       100%       1d9       1%          1
b - Airstrike             Air            27%        N/A       1%          4

Your spell library contained the following spells:

 Spells                   Type           Power      Damage    Failure   Level
 Freeze                   Ice            16%        1d4       17%         1
 Static Discharge         Conj/Air       34%        N/A       1%          2
 Swiftness                Air            54%        N/A       1%          3
 Ozocubu's Armour         Ice            4%         N/A       45%         3
 Ozocubu's Refrigeration  Ice            2%         4d5       100%        7


Dungeon Overview and Level Annotations

Branches:
Dungeon (8/15)             Temple (1/1) D:4
   Lair: D:8-11

Altars:
Ashenzari
Cheibriados
Fedhas
Gozag
Kikubaaqudgha
Makhleb
Nemelex Xobeh
Okawaru
Qazlal
Ru
Sif Muna
Trog
Vehumet
Xom
Yredelemnul
Zin
The Shining One

Shops:
D:3 [


Innate Abilities, Weirdness & Mutations

You have a beak for a mouth.
You have claws for feet.
Your magical nature lets you fly swiftly and evasively.


Message History

The air twists around and strikes the ogre!!
The ogre is severely wounded.
Unknown command.
Casting: Airstrike (dangerous; 1% risk of failure)
Confirm with . or Enter, or press ? or * to list all spells.
Aiming: Airstrike (dangerous; 1% risk of failure)
Press: ? - help, Dir - move target, f/p - ogre
Aim: an ogre, wielding a +0 giant spiked club (severely wounded)
The air twists around and strikes the ogre!
You kill the ogre!
Vehumet accepts your kill.
Unknown command.
There is a stone staircase leading down here.
The zap misses the wight.
The zap hits the wight.
The wight is lightly damaged.
A wight comes into view. It is wielding a +4 falchion.
The wight misses you.
There is a stone staircase leading down here.
The zap hits the wight.
The wight is lightly damaged.
The warg howls!
The zap misses the wight.
The wight hits you with a +0 great sword!
You feel drained.
Unknown command.
The wight hits you with a +0 great sword!
You are too injured to fight recklessly!
A kobold brigand comes into view.
It is wielding a +0 club and quivering poisoned darts.
The orc warrior shouts!
The kobold brigand shouts!
You hear a howl!
The wight completely misses you.
You hear the steady creaking of a very distant portcullis.
The wight hits you with a +0 great sword!
You feel drained.
* * * LOW HITPOINT WARNING * * *
As you read the scroll of teleportation, it crumbles to dust.
You feel strangely unstable. The wight hits you with a +4 falchion!
* * * LOW HITPOINT WARNING * * *
The wight hits you with a +0 great sword!!
You die...

#....≈≈#####≈≈≈≈≈≈≈≈≈≈≈≈[.
#....≈≈≈≈≈≈≈≈≈≈≈≈≈≈≈≈≈≈≈..
#P...≈≈≈≈≈≈≈≈≈≈≈≈≈≈≈≈≈≈≈..
#...............K.........
#######h..................
#...).)..........###.
#...z................
#...zz.o..........##.
#...@.............##.
#.................##.
#....................
##..............###z.
##.....##.....## #.#
############## #z# #.# #.#
...


You could see a warg, an orc warrior, a kobold brigand and 3 wights.

Vanquished Creatures
  Grinder (D:3)
  Eustachio (D:3)
  2 water moccasins (D:5)
  A sky beast (D:5)
  2 ice beasts
  A black bear (D:7)
  2 orc warriors
  2 ogres
  3 centaurs
  2 scorpions
  4 wights (D:8)
  An electric eel (D:6)
  3 howler monkeys (D:8)
  2 orc priests (D:4)
  A gnoll shaman (D:6)
  3 hounds
  3 orc wizards
  2 iguanas
  A killer bee zombie (D:6)
  6 gnolls
  4 adders
  2 shadow imps
  A white imp (D:5)
  An ufetubus (D:6)
  2 worms
  5 dart slugs
  15 orcs
  4 endoplasms (D:1)
  3 giant cockroaches
  8 goblins
  5 hobgoblins
  14 jackals
  6 quokkas
  9 ball pythons
  8 bats
  5 frilled lizards
  5 kobolds
  7 rats
147 creatures vanquished.

Vanquished Creatures (others)
  22 plants
22 creatures vanquished.

Grand Total: 169 creatures vanquished

Notes
Turn   | Place    | Note
-------+----------+-------------------------------------------
     0 | D:1      | quinnr the Tengu Air Elementalist began the quest for the
                  | Orb.
     0 | D:1      | Reached XP level 1. HP: 10/10 MP: 4/4
   191 | D:1      | Reached XP level 2. HP: 15/15 MP: 4/6
   561 | D:1      | Reached skill level 5 in Air Magic
   567 | D:1      | Reached XP level 3. HP: 11/19 MP: 0/7
  2254 | D:2      | Reached XP level 4. HP: 24/24 MP: 6/9
  2686 | D:2      | Found a faded altar of an unknown god.
  2811 | D:2      | Reached skill level 6 in Air Magic
  3201 | D:3      | Noticed Grinder
  3515 | D:3      | Learned a level 4 spell: Airstrike
  3667 | D:3      | Reached skill level 1 in Armour
  3667 | D:3      | Gained mutation: Your magical nature lets you fly swiftly
                  | and evasively. [Tengu growth]
  3667 | D:3      | Reached XP level 5. HP: 20/28 MP: 2/10
  4103 | D:3      | Found Cargh's Antique Armour Boutique.
  4620 | D:4      | Found a glowing silver altar of Zin.
  4633 | D:4      | Found a broken altar of Ashenzari.
  4675 | D:4      | Found a staircase to the Ecumenical Temple.
  4685 | Temple   | Entered the Ecumenical Temple
  4725 | Temple   | Became a worshipper of Vehumet
  5525 | D:4      | Reached XP level 6. HP: 32/32 MP: 8/11
  5830 | D:4      | Noticed Eustachio
  5909 | D:3      | Killed Eustachio
  5910 | D:3      | Reached skill level 8 in Air Magic
  6423 | D:4      | Found a basalt altar of Yredelemnul.
  6488 | D:5      | Entered Level 5 of the Dungeon
  6520 | D:5      | Reached XP level 7. HP: 30/37 MP: 2/13
  6814 | D:5      | Reached skill level 1 in Fighting
  7186 | D:5      | Noticed a gargoyle
  7590 | D:5      | Reached skill level 5 in Spellcasting
  7741 | D:5      | Reached XP level 8. HP: 46/46 MP: 6/16
  7818 | D:5      | Identified the +0 leather armour "Dukaeludd" {Str+4}
  7852 | D:5      | Found a sacrificial altar of Ru.
  8461 | D:6      | Reached skill level 9 in Air Magic
  9041 | D:6      | Reached * piety under Vehumet
  9041 | D:6      | Offered knowledge of Freeze by Vehumet.
  9042 | D:6      | Reached skill level 10 in Air Magic
  9438 | D:6      | Found a blossoming altar of Fedhas.
  9593 | D:6      | Found a shimmering altar of Xom.
  9860 | D:6      | Found a burning altar of Makhleb.
 10074 | D:3      | Killed Grinder
 10075 | D:3      | Reached skill level 11 in Air Magic
 10075 | D:3      | Reached XP level 9. HP: 50/50 MP: 4/17
 10433 | D:7      | Reached skill level 12 in Air Magic
 10694 | D:7      | Found a snail-covered altar of Cheibriados.
 10827 | D:8      | Noticed a kobold demonologist
 10832 | D:8      | Noticed a smoke demon
 10833 | D:8      | HP: 4/50 [orc warrior (9)]
 10923 | D:8      | Reached skill level 13 in Air Magic
 11166 | D:8      | Mangled by a wight

Illustrated notes

Levels and vault maps discovered:
D:1:      saegor_arrival_simple_a, layout_basic, chequers_serial_rivers_large_b
D:2:      layout_loops_corners, basic_ecumenical_altar
D:3:      layout_basic, serial_shops, nicolae_lakefront_shop,
          nrook_loot_triangle, uniq_grinder
D:4:      layout_gridville, cheibrodos_ashenzari_chains,
          lemuel_coloured_pillars_altar,
          mainiacjoe_overflow_concentric_impassable, temple_statues,
          uniq_eustachio
D:5:      layout_basic, mainiacjoe_overflow_cross_hatched,
          lightli_corner_chamber
D:6:      layout_basic, lightli_temple_of_fire, mainiacjoe_overflow_catwalk,
          xom_teletrap_fun, st_stairs_2, grunt_decor_fettered,
          hangedman_decor_points, nicolae_water_bricks
D:7:      cheibrodos_wizards_tower, layout_basic,
          riverfiend_overflow_shadow_ancestor, kennysheep_slug_shrine,
          serial_rivers, chequers_serial_rivers_micro_b,
          chequers_serial_rivers_marsh, chequers_serial_rivers_micro_a,
          chequers_serial_rivers_small_a, chequers_serial_rivers_micro_d,
          chequers_serial_rivers_large_a, st_stairs_8, patterned_corridor
D:8:      lemuel_castle_with_subvaults [lemuel_castle_interior_carwin_2],
          layout_rooms, dpeg_lair_monsters, enter_bailey_2, uniq_grum
Temple:   jpeg_temple_island

Skill      XL: |  1  2  3  4  5  6  7  8  9 |
---------------+----------------------------+-----
Air Magic      | 5 6 8 11 13 | 13.5
Spellcasting   | 3 5 |  5.0
Armour         | 1 2 3 |  3.0
Conjurations   | 2 |  2.0
Fighting       | 3 |  3.0
Stealth        | 3 |  3.0
Dodging        | |  2.1

Action                   |  1- 3 |  4- 6 |  7- 9 || total
-------------------------+-------+-------+-------++-------
Melee: Unarmed           |    15 |     7 |       ||    22
       Kick              |     4 |     1 |     5 ||    10
       Peck              |     3 |     2 |     4 ||     9
       Staff             |       |       |     8 ||     8
 Cast: Shock             |    85 |   129 |   134 ||   348
       Airstrike         |       |     5 |    41 ||    46
Evoke: Wand              |       |       |     1 ||     1
  Use: Scroll            |       |     3 |     9 ||    12
       Potion            |       |     3 |       ||     3
Armor: Robe              |     1 |       |       ||     1
       Leather armour    |       |     6 |     9 ||    15
Dodge: Dodged            |    18 |    12 |    39 ||    69
